 Dungeon Crawl Stone Soup version 0.27-a0-3-gcf006a40f5 (webtiles) character file.

Game seed: 12847848766106114652

87 tilp the Cudgeller (level 4, -4/48 HPs)
             Began as an Ogre Abyssal Knight on Jan 1, 2021.
             Was a Believer of Lugonu.
             Slain by a sky beast (5 damage)
             ... on level 2 of the Dungeon.
             The game lasted 00:02:45 (1911 turns).

tilp the Cudgeller (Ogre Abyssal Knight)            Turns: 1911, Time: 00:02:46

Health: -4/48      AC:  3    Str: 16    XL:     4   Next: 51%
Magic:  3/5        EV: 10    Int: 14    God:    Lugonu [**....]
Gold:   166        SH:  0    Dex:  8    Spells: 3/3 levels left

rFire    . . .     SeeInvis .   a - +1 mace
rCold    . . .     Faith    .   (no shield)
rNeg     . . .     Spirit   .   b - +0 robe
rPois    .         Reflect  .   (helmet restricted)
rElec    .         Harm     .   (no cloak)
rCorr    .         Rampage  .   (gloves unavailable)
Will     .....     Rnd*Rage +   (boots unavailable)
Stlth    +.........             (no amulet)
HPRegen  0.16/turn              (no ring)
MPRegen  0.09/turn              (no ring)

@: no status effects
A: large, unfitting armour, [berserk 1], tough skin 1
a: Renounce Religion, Depart the Abyss, Bend Space


You were on level 2 of the Dungeon.
You worshipped Lugonu.
Lugonu was pleased with you.
You visited 1 branch of the dungeon, and saw 2 of its levels.
You visited the Abyss 1 time.

You collected 166 gold pieces.

Inventory:

Hand Weapons
 a - a +1 mace (weapon)
Missiles
 d - 24 poisoned darts (quivered)
 e - 78 stones
Armour
 b - a +0 robe (worn)
Jewellery
 c - an uncursed ring of wizardry {unknown}
Scrolls
 f - a scroll of enchant armour {unknown}
 h - a scroll of teleportation {unknown}
 i - a scroll of fear {unknown}
 j - a scroll of blinking {unknown}
 k - a scroll of immolation {unknown}
 l - a scroll of noise {unknown}
 m - a scroll of fog {unknown}
 n - 2 scrolls of amnesia {unknown}
 s - a scroll of identify {unknown}
Potions
 g - 2 potions of curing {unknown}
 o - a potion of might {unknown}
 p - a potion of cancellation {unknown}
 q - a potion of haste {unknown}
 r - a potion of mutation {unknown}


   Skills:
 - Level 4.0 Fighting
 + Level 4.2 Maces & Flails
 - Level 2.1 Dodging
 - Level 2.0 Invocations


You had 3 spell levels left.
You didn't know any spells.
Your spell library was empty.

Dungeon Overview and Level Annotations

Branches:
Dungeon (2/15)

Altars:


Innate Abilities, Weirdness & Mutations

You are too large for most types of armour.
You have tough skin. (AC +1)
[You tend to lose your temper in combat.]


Message History

The sky beast is lightly wounded.
The sky beast flickers out of sight!
Deactivating autopickup; reactivate with Ctrl-A.
Something hits you. Something shocks you.
You closely miss something. Something hits you. Something shocks you.
You miss something. Something hits you. Something shocks you.
Something hits you. Something shocks you.
* * * LOW HITPOINT WARNING * * *
Space bends around you!
You blink.
Something hits you.
* * * LOW HITPOINT WARNING * * *
Something shocks you.
* * * LOW HITPOINT WARNING * * *
Space bends around you!
You blink.
Something hits you.
* * * LOW HITPOINT WARNING * * *
Something shocks you.
You die...

#........##..####.
###...###.....#########
###...#...##..........#
........####.......[..#
.###...### #..†.......#
## #.....###.........?#
# ##..#.#(...........#
####..#...#.....{....#
##.....<.###....@.....#
...##..#.# #..........#
#####....# ##.#########
#.#..# #.# ....... #.#
#........#.# ........
### ##.


There were no monsters in sight!

Vanquished Creatures
  2 adders (D:2)
  4 oozes (D:1)
  A worm (D:2)
  A dart slug (D:1)
  2 leopard geckos
  A ball python (D:1)
  4 giant cockroaches (D:1)
  3 goblins
  5 hobgoblins
  5 jackals (D:1)
  6 kobolds
  4 bats
  A frilled lizard (D:1)
  5 rats (D:1)
44 creatures vanquished.

Notes
Turn   | Place    | Note
-------+----------+-------------------------------------------
     0 | Abyss:1  | tilp the Ogre Abyssal Knight began the quest for the Orb.
     0 | Abyss:1  | Reached XP level 1. HP: 24/24 MP: 2/2
    85 | Abyss:1  | Noticed a wretched star
    85 | Abyss:1  | Noticed a thrashing horror
    87 | D:1      | Escaped the Abyss
   102 | D:1      | Found a runed translucent door.
   179 | D:1      | Reached * piety under Lugonu
   233 | D:1      | Reached XP level 2. HP: 31/32 MP: 3/3
   787 | D:1      | Reached XP level 3. HP: 36/39 MP: 4/4
  1251 | D:1      | Reached ** piety under Lugonu
  1357 | D:1      | Reached XP level 4. HP: 31/48 MP: 5/5
  1869 | D:2      | Noticed a sky beast
  1911 | D:2      | HP: 1/48 [something (3)]
  1911 | D:2      | Slain by a sky beast

Illustrated notes

Levels and vault maps discovered:
D:1:      dpeg_arrival_caged_fury, layout_basic, hangedman_feature_mirror,
          minmay_misc_feat_chi
D:2:      layout_rooms, old_standard_altar, minmay_split_cup_large

Skill      XL: |  1  2  3  4 |
---------------+-------------+-----
Maces & Flails | 2 3 4 |  4.2
Fighting       | |  4.0
Dodging        | |  2.1
Invocations    | |  2.0

Action                   |  1- 3 |  4- 6 || total
-------------------------+-------+-------++-------
Melee: Mace              |   108 |    29 ||   137
Throw: Dart              |       |    16 ||    16
Invok: Depart the Abyss  |     1 |       ||     1
       Bend Space        |       |     2 ||     2
Armor: Robe              |    39 |    15 ||    54
Dodge: Dodged            |    68 |    24 ||    92

Table legend: (Time is in decaauts)
 A = Elapsed time spent in this place.
 B = Non-inter-level travel time spent in this place.
 C = Inter-level travel time spent in this place.
 D = Time resting spent in this place.
 E = Time spent auto-exploring this place.
 F = Levels seen in this place.
 G = Mean time per level.
                   A        B        C        D        E       F      G
               +--------+--------+--------+--------+--------+-----+--------+
         Total |   1963 |   1940 |     23 |    208 |   1382 |   3 |  654.3 |
       Dungeon |   1875 |   1852 |     23 |    208 |   1304 |   2 |  937.5 |
         Abyss |     87 |     87 |      0 |      0 |     78 |   1 |   87.0 |
               +--------+--------+--------+--------+--------+-----+--------+

Top non-repeatable levels by time:
     D:1: 1448 daAuts
     D:2: 427 daAuts
 Abyss:1: 87 daAuts
